 Dungeon Crawl Stone Soup version 0.23.2-40-g277498a001 (webtiles) character file.

Game seed: 8755521728779731407

90 Ishchenko the Digger (level 4, -3/45 HPs)
             Began as a Human Earth Elementalist on Sept 14, 2019.
             Was an Initiate of Nemelex Xobeh.
             Killed by divine providence
             ... invoked by an orc priest
              (13 damage)
             ... on level 3 of the Dungeon.
             The game lasted 00:13:42 (2132 turns).

Ishchenko the Digger (Human Earth Elementalist)     Turns: 2132, Time: 00:13:42

Health: -3/45      AC:  2    Str: 13    XL:     4   Next: 85%
Magic:  1/8        EV: 12    Int: 17    God:    Nemelex Xobeh [......]
Gold:   102        SH:  0    Dex: 13    Spells: 3/9 levels left

rFire    + . .     SeeInvis .   k - +0 mace
rCold    . . .     Gourm    .   (no shield)
rNeg     . . .     Faith    .   c - +0 robe
rPois    .         Spirit   .   (no helmet)
rElec    .         Reflect  .   (no cloak)
rCorr    .         Harm     .   (no gloves)
MR       .....                  (no boots)
Stlth    ..........             (no amulet)
HPRegen  0.15/turn              j - ring of protection from fire
MPRegen  0.11/turn              (no ring)

@: berserking, very quick
A: no striking features
a: Draw Escape, Draw Destruction, Draw Summoning, Renounce Religion


You were on level 3 of the Dungeon.
You worshipped Nemelex Xobeh.
Nemelex Xobeh was noncommittal.
You were hungry.

You visited 1 branch of the dungeon, and saw 3 of its levels.

You collected 102 gold pieces.

Inventory:

Hand Weapons
 e - a -2 whip
 g - a +0 dagger
 k - a +0 mace (weapon)
Armour
 c - a +0 robe (worn)
Jewellery
 j - a ring of protection from fire (left hand)
Scrolls
 a - 4 scrolls of identify
Potions
 h - a potion of haste {unknown}
 m - a potion of brilliance {unknown}
Comestibles
 d - 5 rations
 i - a chunk of flesh


   Skills:
 + Level 2.1 Dodging
 + Level 2.2 Stealth
 + Level 3.1 Spellcasting
 + Level 1.0 Transmutations
 + Level 4.2 Earth Magic


You had 3 spell levels left.
You knew the following spells:

 Your Spells              Type           Power        Failure   Level  Hunger
a - Sandblast             Erth           ###...       3%          1    None
b - Passwall              Tmut/Erth      ##......     9%          2    ##.....
c - Stone Arrow           Conj/Erth      #.....       22%         3    ###....

Your spell library contained the following spells:

 Spells                   Type           Power        Failure   Level  Hunger
 Petrify                  Tmut/Erth      ##......     52%         4    ####...
 Lee's Rapid Deconstruct  Erth           ###.......   65%         5    ######.


Dungeon Overview and Level Annotations

Branches:
Dungeon (3/15)

Altars:
Nemelex Xobeh


Message History

The orc barely misses you.
You are too berserk!
Wield which item (- for none, * to show all)? (? for menu, Esc to quit)
k - a +0 mace (weapon)
You feel a strong urge to attack something.
The orc priest closely misses you.
You thump the orc!
You kill the orc!
The orc priest barely misses you.
You are feeling hungry.
You sock the orc priest!
The orc priest is severely wounded.
The orc priest hits you.
* * * LOW HITPOINT WARNING * * *
You barely miss the orc priest.
The orc priest is severely wounded.
The orc priest calls down the wrath of Beogh upon you.
Beogh smites you!
You die...
Your body disappears without a glow.

######### #........
#.####### #........
#.#@[...# #........
#.#o###.# #....)...
#.#oo.#.####....)...
#.#<#.#รท............
#.#.#.#.......######
######.#.#.#.......#
............>..[...#
...###.#.#..[......#
#.#.####......#


You could see an orc priest, an orc wizard and an orc.

Vanquished Creatures
  2 adders
  An ooze (D:1)
  2 worms (D:2)
  2 dart slugs
  3 leopard geckos
  2 orcs (D:3)
  8 bats
  8 giant cockroaches
  5 goblins
  4 hobgoblins
  2 quokkas (D:2)
  2 frilled lizards (D:2)
  3 kobolds
  7 rats
51 creatures vanquished.

Notes
Turn   | Place    | Note
-------+----------+-------------------------------------------
     0 | D:1      | Ishchenko the Human Earth Elementalist began the quest for
                  | the Orb.
     0 | D:1      | Reached XP level 1. HP: 13/13 MP: 3/3
   185 | D:1      | Reached XP level 2. HP: 19/19 MP: 3/5
   534 | D:1      | Reached XP level 3. HP: 24/24 MP: 4/6
   784 | D:1      | Learned a level 2 spell: Passwall
   788 | D:1      | Learned a level 3 spell: Stone Arrow
  1272 | D:2      | Reached XP level 4. HP: 30/30 MP: 3/8
  1274 | D:2      | Reached skill level 4 in Earth Magic
  1426 | D:2      | Found a sparkling altar of Nemelex Xobeh.
  1430 | D:2      | Became a worshipper of Nemelex Xobeh the Trickster
  1629 | D:2      | Received a gift from Nemelex Xobeh
  2132 | D:3      | Killed from afar by an orc priest

Skill      XL: |  1  2  3  4 |
---------------+-------------+-----
Earth Magic    | 4 |  4.2
Spellcasting   | 3 |  3.1
Dodging        | |  2.1
Stealth        | |  2.2
Transmutations | |  1.0

Action                   |  1- 3 |  4- 6 || total
-------------------------+-------+-------++-------
Melee: Whip              |       |     6 ||     6
       Mace              |       |     3 ||     3
 Cast: Sandblast         |    44 |    34 ||    78
       Stone Arrow       |       |     3 ||     3
  Use: Scroll            |     1 |     3 ||     4
       Potion            |       |     1 ||     1
  Eat: Chunk             |     2 |     2 ||     4
Armor: Robe              |    13 |     4 ||    17
Dodge: Dodged            |    12 |    11 ||    23
